 Dungeon Crawl Stone Soup version 0.26-a0-976-gd3b5134375 (webtiles) character file.

Game seed: 3972202908711372587

84 PentaManta the Chopper (level 4, -3/29 HPs)
             Began as a Gargoyle Monk on Dec 4, 2020.
             Was a Follower of Okawaru.
             Slain by Crazy Yiuf
             ... wielding a +4 quarterstaff of chaos
              (11 damage)
             ... on level 2 of the Dungeon.
             The game lasted 00:04:53 (2470 turns).

PentaManta the Chopper (Gargoyle Monk)              Turns: 2470, Time: 00:04:53

Health: -3/29      AC:  8    Str: 16    XL:     4   Next: 45%
Magic:  2/4        EV: 11    Int: 10    God:    Okawaru [*.....]
Gold:   108        SH:  0    Dex: 12    Spells: 3/3 levels left

rFire    . . .     SeeInvis .   a - +0 hand axe
rCold    . . .     Faith    .   (no shield)
rNeg     + . .     Spirit   .   g - +0 ring mail (curse)
rPois    ∞         Reflect  .   (no helmet)
rElec    +         Harm     .   (no cloak)
rCorr    .         Rampage  .   (no gloves)
MR       .....                  (no boots)
Stlth    +.........             v - amulet of regeneration
HPRegen  0.49/turn              (no ring)
MPRegen  0.09/turn              (no ring)

@: mighty, very slightly contaminated, invisible
A: negative energy resistance 1, electricity resistance, unbreathing,
petrification resistance, rot immunity, AC +3
a: Heroism, Renounce Religion


You were on level 2 of the Dungeon.
You worshipped Okawaru.
Okawaru was aware of your devotion.
You visited 1 branch of the dungeon, and saw 2 of its levels.

You collected 108 gold pieces.

Inventory:

Hand Weapons
 a - a +0 hand axe (weapon)
 h - a +0 dagger
Missiles
 k - 17 poisoned darts (quivered)
Armour
 b - a +0 robe
 e - a +0 ring mail
 g - a cursed +0 ring mail (worn)
 l - a +0 chain mail
 w - a cursed +0 chain mail
Jewellery
 t - an uncursed amulet of magic regeneration
 v - an amulet of regeneration (around neck)
Scrolls
 c - a scroll of random uselessness {unknown}
 f - 2 scrolls of remove curse {unknown}
 i - a scroll of immolation {unknown}
 m - 2 scrolls of teleportation {unknown}
 n - a scroll of identify {unknown}
 o - a scroll of enchant weapon {unknown}
 u - a scroll of noise {unknown}
Potions
 d - 2 potions of might {unknown}
 j - a potion of cancellation {unknown}
 p - 3 potions of lignification {unknown}
 q - a potion of brilliance {unknown}
 r - a potion of flight {unknown}
 s - a potion of degeneration {unknown}


   Skills:
 - Level 3.7 Fighting
 + Level 4.0 Axes
 - Level 1.0 Armour
 - Level 2.7 Dodging
 - Level 2.2 Stealth


You had 3 spell levels left.
You didn't know any spells.
Your spell library was empty.

Dungeon Overview and Level Annotations

Branches:
Dungeon (2/15)

Altars:
Okawaru
Zin

Annotations:
D:2 Crazy Yiuf


Innate Abilities, Weirdness & Mutations

You are resistant to torment.
Your stone body is resilient. (AC +3)
You are immune to poison.
You resist negative energy. (rN+)
You are resistant to electric shocks. (rElec)
You can survive without breathing.
You are immune to petrification.
You are immune to rotting.


Message History

Crazy Yiuf is moderately wounded.
Crazy Yiuf hits you with a +4 quarterstaff of chaos.
You feel your power leaking away.
You hit Crazy Yiuf.
Crazy Yiuf is heavily wounded.
Crazy Yiuf hits you with a +4 quarterstaff of chaos.
Crazy Yiuf burns you.
You hit Crazy Yiuf.
Crazy Yiuf is heavily wounded.
Crazy Yiuf closely misses you.
a - a +0 hand axe (weapon)
Crazy Yiuf hits you with a +4 quarterstaff of chaos!
* * * LOW HITPOINT WARNING * * *
You fade into invisibility!
You are very lightly contaminated with residual magic.
You hit Crazy Yiuf.
Crazy Yiuf is heavily wounded.
Crazy Yiuf says, "I'm not crazy!"
Crazy Yiuf hits you with a +4 quarterstaff of chaos!
You die...

#.# #.######.######.#
###.# #.# #.# #<#
#...#######.######.#
#(#
####.#.............##.#
#.#
#......#####.#.###.##.#
###.# #.###### #.#.#
#.##.# #.))# #.# #.#.#
#.##.# #.#.# #.#
#.#.###.##.# ##.### #.#
#...@g.....###...## #.#
#..####.#####.....##
#.# #..# ##.##
#.......# #.# #.>#
#...###..._...# #.##
##..# #.....#.......#
#..# #...#
#...#.##.....## ##.#
#.#.# #####.###...##
#.# #.#.#
#.......###### #.######
#.#.# #.###.### #.###


You could see Crazy Yiuf.

Vanquished Creatures
  Jessica (D:2)
  A worm (D:2)
  2 dart slugs (D:1)
  4 leopard geckos
  8 bats
  3 giant cockroaches (D:1)
  7 goblins
  3 hobgoblins (D:1)
  A quokka (D:2)
  6 frilled lizards
  5 kobolds
  9 rats
50 creatures vanquished.

Vanquished Creatures (others)
  A kraken (D:1)
  An octopode (D:1)
  A gargoyle (D:1)
  A vine stalker (D:1)
  An elf (D:1)
  A human (D:1)
  An ogre (D:1)
  4 tentacles (D:1)
11 creatures vanquished.

Grand Total: 61 creatures vanquished

Notes
Turn   | Place    | Note
-------+----------+-------------------------------------------
     0 | D:1      | PentaManta the Gargoyle Monk began the quest for the Orb.
     0 | D:1      | Reached XP level 1. HP: 14/14 MP: 1/1
     0 | D:1      | Noticed a vine stalker
     0 | D:1      | Noticed an elf
     0 | D:1      | Noticed a human
     0 | D:1      | Noticed an octopode
     0 | D:1      | Noticed an octopode
     0 | D:1      | Noticed a gargoyle
     0 | D:1      | Noticed an ogre
     0 | D:1      | Noticed a kraken
     0 | D:1      | Noticed an elf
     0 | D:1      | Noticed a spriggan
     0 | D:1      | Noticed a ghoul
     0 | D:1      | Noticed an ogre
     0 | D:1      | Noticed an ogre
     3 | D:1      | Killed an ogre
     6 | D:1      | Killed a vine stalker
     8 | D:1      | Killed a gargoyle
     8 | D:1      | Killed an octopode
    11 | D:1      | Killed a human
    11 | D:1      | Killed an elf
    12 | D:1      | Killed a kraken
   210 | D:1      | Reached skill level 3 in Axes
   222 | D:1      | Reached XP level 2. HP: 19/19 MP: 2/2
   331 | D:1      | Reached skill level 1 in Armour
   433 | D:1      | Reached XP level 3. HP: 11/24 MP: 3/3
  1452 | D:2      | Found a runed translucent door.
  1453 | D:2      | Noticed Crazy Yiuf
  1503 | D:2      | Found a glowing silver altar of Zin.
  1696 | D:2      | Noticed Jessica
  1707 | D:2      | Killed Jessica
  1708 | D:2      | Reached XP level 4. HP: 29/29 MP: 4/4
  1819 | D:2      | Found an iron altar of Okawaru.
  1823 | D:2      | Reached skill level 4 in Axes
  1831 | D:2      | Became a worshipper of Warmaster Okawaru
  1831 | D:2      | Reached * piety under Okawaru
  1831 | D:2      | Reached ** piety under Okawaru
  2470 | D:2      | Slain by Crazy Yiuf

Illustrated notes

Levels and vault maps discovered:
D:1:      nicolae_arrival_kraken_aquarium_a, layout_loops_ring,
          minmay_nonomino_d4
D:2:      layout_loops_ring, lemuel_round_altar, okawaru_trees_1, uniq_jessica,
          uniq_crazy_yiuf_cottage

Skill      XL: |  1  2  3  4 |
---------------+-------------+-----
Axes           | 3 4 |  4.0
Armour         | 1 |  1.0
Fighting       | |  3.7
Dodging        | |  2.7
Stealth        | |  2.2

Action                   |  1- 3 |  4- 6 || total
-------------------------+-------+-------++-------
Melee: Hand axe          |    50 |    18 ||    68
       Dagger            |   156 |    45 ||   201
Armor: Robe              |    10 |       ||    10
       Ring mail         |    89 |    29 ||   118
Dodge: Dodged            |   144 |    33 ||   177

Table legend: (Time is in decaauts)
 A = Elapsed time spent in this place.
 B = Non-inter-level travel time spent in this place.
 C = Inter-level travel time spent in this place.
 D = Time resting spent in this place.
 E = Time spent auto-exploring this place.
 F = Levels seen in this place.
 G = Mean time per level.
                   A        B        C        D        E       F      G
               +--------+--------+--------+--------+--------+-----+--------+
         Total |   2481 |   2373 |    108 |      0 |   1708 |   2 | 1240.5 |
       Dungeon |   2481 |   2373 |    108 |      0 |   1708 |   2 | 1240.5 |
               +--------+--------+--------+--------+--------+-----+--------+

Top non-repeatable levels by time:
     D:2: 1382 daAuts
     D:1: 1098 daAuts
